 Dungeon Crawl Stone Soup version 0.31-a0-210-gccc998df9b (webtiles) character file.

Game seed: 12787714637369530184

60 Angani the Trooper (level 4, 0/34 HPs)
             Began as a Human Wanderer on June 29, 2023.
             Was an Initiate of Sif Muna.
             Slain by a dart slug (3 damage)
             ... on level 1 of the Dungeon.
             The game lasted 00:02:58 (1014 turns).

Angani the Trooper (Human Wanderer)                 Turns: 1014, Time: 00:02:58

Health: 0/34       AC:  5    Str:  9    XL:     4   Next: 25%
Magic:  4/4        EV:  9    Int: 11    God:    Sif Muna [......]
Gold:   107        SH:  5    Dex: 19    Spells: 3/3 levels left

rFire   . . .        a - +0 rapier
rCold   . . .        c - +0 buckler
rNeg    . . .        g - +0 ring mail
rPois   .            (no helmet)
rElec   .            (no cloak)
rCorr   .            (no gloves)
SInv    .            (no boots)
Will    .....        (no amulet)
Stlth   +            (no ring)
HPRegen 0.25/turn    (no ring)
MPRegen 0.09/turn

%: no passive effects
@: attractive
A: no striking features
a: Renounce Religion


You were on level 1 of the Dungeon.
You worshipped Sif Muna.
Sif Muna was noncommittal.
You visited 1 branch of the dungeon, and saw 2 of its levels.

You collected 107 gold pieces.

Inventory:

Hand Weapons
 a - a +0 rapier (weapon)
Missiles
 f - 2 throwing nets
Armour
 c - a +0 buckler (worn)
 e - an orb of mayhem
 g - a +0 ring mail (worn)
Scrolls
 b - a scroll of blinking {unknown}
 d - 3 scrolls of fear
 h - 2 scrolls of immolation {unknown}
Potions
 i - a potion of attraction
 j - a potion of curing {unknown}


   Skills:
 + Level 2.9 Fighting
 - Level 2.0(2.3) Short Blades
 + Level 1.8(2.2) Long Blades
 - Level 2.0 Staves
 - Level 1.0 Stealth
 + Level 2.8 Shields
 - Level 1.0 Invocations


You had 3 spell levels left.
You didn't know any spells.
Your spell library contained the following spells:

 Spells                   Type           Power      Damage    Failure   Level
 Cigotuvi's Dreadful Rot  Necr/Pois/Air  0%         N/A       93%         2
 Dispel Undead            Necr           0%         3d6       100%        4
 Death Channel            Necr           0%         N/A       100%        6


Dungeon Overview and Level Annotations

Branches:
Dungeon (2/15)

Altars:
Sif Muna


Message History

Sif Muna accepts your kill.
No target in view!
You now have 107 gold pieces (gained 2).
There is an open door here.
Found a stone staircase leading up.
You open the door.
A frilled lizard, a kobold and a dart slug come into view.
A gnoll, an orc wizard and an endoplasm come into view.
Found a leather armour, a throwing net and 2 curare-tipped darts.
There is an open door here.
The kobold shouts!
The endoplasm closely misses you. You block the frilled lizard's attack.
The orc wizard shouts!
You hit the gnoll but do no damage. The gnoll hits you with a +0 flail.
The endoplasm freezes you.
You are frozen.
You block the frilled lizard's attack.
Unknown command.
The frilled lizard attacks as you move away!
The frilled lizard bites you but does no damage.
The gnoll attacks as you move away! The gnoll hits you with a +0 flail!
There is an open door here.
The orc wizard gestures wildly while chanting.
The orc wizard flickers and vanishes!
Deactivating autopickup; reactivate with Ctrl-A.
The gnoll attacks as you move away! The gnoll hits you with a +0 flail.
The gnoll hits you with a +0 flail.
The endoplasm hits you but does no damage.
The endoplasm attacks as you move away! The endoplasm hits you.
The gnoll attacks as you move away! The gnoll hits you with a +0 flail.
There is a stone staircase leading up here.
The gnoll hits you with a +0 flail!
* * * LOW HITPOINT WARNING * * *
You climb upwards.
Reactivating autopickup.
There is a stone staircase leading down here.
Unknown command.
It was a potion of attraction.
You feel attractive to monsters. The dart slug bites you.
You die...

..#
#...........####..#.#....#
..# #.......###.#
#.##...#### ..# #.......#
#.# #.##.### ### #...)...#
#.####.##.# #.......#
#......##.#
#.......###########.#
######...........##.##
##########.#########.....#
...............g@######..#
##########.#####.w.......#
#.#####..###.#..#
##########.....#[.# #.#..#
...............#..# #.#..#
#......####....#..###.#..#
...####....#...#..#......#
..#......##..#...........#
...<.#..#...###.###.####.#


You could see a gnoll and a dart slug.

Vanquished Creatures
  An adder (D:2)
  5 endoplasms
  2 giant cockroaches (D:2)
  5 goblins
  3 hobgoblins
  4 jackals (D:1)
  5 quokkas
  5 ball pythons
  6 bats
  3 frilled lizards
  7 kobolds
  2 rats (D:1)
48 creatures vanquished.

Notes
Turn   | Place    | Note
-------+----------+-------------------------------------------
     0 | D:1      | Angani the Human Wanderer began the quest for the Orb.
     0 | D:1      | Angani set off with the following items: a +0 rapier, a +0
                  | quarterstaff, a +0 buckler, a scroll of fear, a +0 robe.
     0 | D:1      | Reached XP level 1. HP: 16/16 MP: 1/1
    79 | D:1      | Reached XP level 2. HP: 13/22 MP: 2/2
   207 | D:1      | Reached skill level 1 in Long Blades
   351 | D:1      | Reached XP level 3. HP: 28/28 MP: 3/3
   784 | D:2      | Reached XP level 4. HP: 31/34 MP: 4/4
   840 | D:2      | Found a shimmering blue altar of Sif Muna.
   857 | D:2      | Became a worshipper of Sif Muna the Loreminder
  1014 | D:1      | Slain by a dart slug

Illustrated notes

Levels and vault maps discovered:
D:1:      ebering_trefoil_3fold, layout_basic, minivault_27, st_stairs_12,
          minivault_19
D:2:      layout_rooms, basic_altar, minmay_divided_ellipse

Skill      XL: |  1  2 |
---------------+-------+-----
Long Blades    | 1 |  1.8
Fighting       | |  2.9
Short Blades   | |  2.0
Staves         | |  2.0
Stealth        | |  1.0
Shields        | |  2.8
Invocations    | |  1.0

Action                     |  1- 3 |  4- 6 || total
---------------------------+-------+-------++-------
  Melee: Rapier            |    82 |    39 ||   121
    Use: Potion            |       |     1 ||     1
   Stab: Sleeping          |     2 |       ||     2
 Armour: Ring mail         |    25 |    14 ||    39
  Dodge: Dodged            |    35 |    18 ||    53
  Block: Buckler           |    23 |    11 ||    34

Table legend: (Time is in decaauts)
 A = Elapsed time spent in this place.
 B = Non-inter-level travel time spent in this place.
 C = Inter-level travel time spent in this place.
 D = Time resting spent in this place.
 E = Time spent auto-exploring this place.
 F = Levels seen in this place.
 G = Mean time per level.
                   A        B        C        D        E       F      G
               +--------+--------+--------+--------+--------+-----+--------+
         Total |   1032 |   1009 |     23 |      0 |    708 |   2 |  516.0 |
       Dungeon |   1032 |   1009 |     23 |      0 |    708 |   2 |  516.0 |
               +--------+--------+--------+--------+--------+-----+--------+

Top non-repeatable levels by time:
     D:1: 743 daAuts
     D:2: 289 daAuts
